 Dungeon Crawl Stone Soup version 0.24-a0-504-gcfb02b9d07 (webtiles) character file.

Game seed: 485352346025805183

1574 mopl the Cleaver (level 8, -1/69 HPs)
             Began as a Deep Dwarf Gladiator on July 17, 2019.
             Slain by an orc warrior
             ... wielding a +0 flail
              (9 damage)
             ... on level 5 of the Dungeon.
             The game lasted 00:10:20 (3049 turns).

mopl the Cleaver (Deep Dwarf Gladiator)             Turns: 3049, Time: 00:10:21

Health: -1/69      AC: 14    Str: 20    XL:     8   Next: 59%
Magic:  6/6        EV:  7    Int:  9    God:
Gold:   359        SH:  0    Dex: 14    Spells: 7/7 levels left

rFire    . . .     SeeInvis .   a - +0 broad axe
rCold    . . .     Gourm    .   (no shield)
rNeg     . . .     Faith    .   B - +0 plate armour
rPois    .         Spirit   .   c - +0 helmet
rElec    .         Reflect  .   y - +1 cloak
rCorr    .         Harm     .   (no gloves)
MR       +....                  (no boots)
Stlth    ..........             (no amulet)
HPRegen  0.00/turn              (no ring)
MPRegen  0.10/turn              (no ring)

@: non-regenerating
A: damage resistance, heal wounds, sense surroundings 1, no regeneration
a: Heal Wounds


You were on level 5 of the Dungeon.
You were hungry.

You visited 1 branch of the dungeon, and saw 5 of its levels.

You collected 359 gold pieces.

Inventory:

Hand Weapons
 a - a +0 broad axe (weapon)
 q - a +0 war axe
Missiles
 d - 3 throwing nets (quivered)
 r - 2 boomerangs
 s - 3 javelins
Armour
 c - a +0 helmet (worn)
 y - a +1 cloak (worn)
 B - a +0 plate armour (worn)
Wands
 w - a wand of clouds (6)
Scrolls
 b - a scroll of enchant weapon {unknown}
 e - 2 scrolls of enchant armour {unknown}
 h - 7 scrolls of remove curse
 m - a scroll of amnesia {unknown}
 o - 2 scrolls of magic mapping {unknown}
 p - 2 scrolls of teleportation {unknown}
 z - a scroll of fear {unknown}
 A - 4 scrolls of immolation {unknown}
Potions
 i - a potion of agility
 l - 2 potions of berserk rage {unknown}
 n - 2 potions of might {unknown}
 u - 3 potions of curing
 v - a potion of ambrosia
 x - a potion of mutation {!q}
Comestibles
 f - 7 rations
 j - 7 chunks of flesh


   Skills:
 + Level 3.4 Fighting
 * Level 11.1 Axes
 - Level 1.7 Throwing
 + Level 3.3 Armour
 - Level 3.2 Dodging


You had 7 spell levels left.
You didn't know any spells.
Your spell library was empty.

Dungeon Overview and Level Annotations

Branches:
Dungeon (5/15)
 Temple: D:4-7

Altars:
Cheibriados
Dithmenos

Annotations:
D:3 Grinder


Innate Abilities, Weirdness & Mutations

You are resistant to damage.
You can heal yourself by infusing magical energy.
You passively map a small area around you.
You do not regenerate.


Message History

The burst of metal fragments hits the orc warrior but does no damage. x3
The burst of metal fragments hits the orc!
You kill the orc!
The orc warrior is heavily wounded.
The orc warrior hits you but does no damage.
Evoke which item? (* to show all) (? for menu, Esc to quit)
Aiming: Scattershot
Press: ? - help, Shift-Dir - straight line, f/p - orc warrior
Aim: an orc warrior, wielding a +0 flail and wearing a +0 chain mail (heavily wounded)
The burst of metal fragments hits the orc warrior but does no damage.
The burst of metal fragments hits the orc!
You kill the orc!
The burst of metal fragments hits the orc warrior but does no damage. x2
The orc warrior is heavily wounded.
The now-empty wand crumbles to dust.
Unknown command.
Your plate armour prevents you from hitting the orc warrior.
The orc warrior is heavily wounded.
The orc warrior hits you with a +0 flail!
You die...

...........# #....#
########'#######....#
#.#...o.')...# #.# *#....# #.#
#....#### #.# #.......# #.#
#)#####.######### ##'####
#o##............# #.....#
#@#..######.###.#
#######..[..####.#..# ##.##.##.#
#...........+..#....# #..###.#..
#........<..#.##<...# ##...#.#..#
...............'....###.)##.##...
#....>.######.##....#......#.#.#.
#......# #.##....#...8.####.#.
#....).######.##........(...##...
#.............#####.#..###..##..#


You could see an orc warrior.

Vanquished Creatures
  Sigmund (D:4)
  Eustachio (D:4)
  An orc warrior (D:5)
  2 phantoms (D:5)
  A sky beast (D:5)
  An ice beast (D:5)
  An ogre (D:5)
  A scorpion (D:4)
  A howler monkey (D:5)
  2 crimson imps (D:5)
  3 hounds
  3 orc priests
  3 worker ants
  Terence (D:3)
  An iguana (D:5)
  2 orc wizards
  A hound skeleton (D:4)
  11 adders
  2 shadow imps (D:5)
  4 worms
  4 dart slugs
  4 leopard geckos
  12 orcs
  6 bats
  7 giant cockroaches
  5 goblins
  6 hobgoblins
  6 kobolds
  A quokka (D:4)
  A frilled lizard (D:3)
  A quokka skeleton (D:5)
  2 rats (D:3)
98 creatures vanquished.

Notes
Turn   | Place    | Note
-------+----------+-------------------------------------------
     0 | D:1      | mopl the Deep Dwarf Gladiator began the quest for the Orb.
     0 | D:1      | Reached XP level 1. HP: 19/19 MP: 1/1
    94 | D:1      | Found a snail-covered altar of Cheibriados.
   340 | D:1      | Reached skill level 4 in Axes
   340 | D:1      | Reached XP level 2. HP: 24/26 MP: 2/2
   649 | D:2      | Reached XP level 3. HP: 22/32 MP: 3/3
   855 | D:2      | Reached skill level 5 in Axes
  1122 | D:3      | Reached XP level 4. HP: 23/39 MP: 4/4
  1164 | D:3      | Noticed Grinder
  1296 | D:3      | Reached skill level 6 in Axes
  1309 | D:3      | Noticed Terence
  1322 | D:3      | Killed Terence
  1338 | D:3      | Reached XP level 5. HP: 19/45 MP: 5/5
  1734 | D:4      | Reached skill level 7 in Axes
  1795 | D:4      | Noticed Sigmund
  1806 | D:4      | Killed Sigmund
  1806 | D:4      | Reached skill level 8 in Axes
  1806 | D:4      | Reached XP level 6. HP: 28/52 MP: 5/5
  1823 | D:4      | Noticed Eustachio
  1850 | D:4      | Killed Eustachio
  1850 | D:4      | Reached skill level 9 in Axes
  1850 | D:4      | Reached XP level 7. HP: 27/58 MP: 6/6
  1862 | D:4      | Found a shadowy altar of Dithmenos.
  2298 | D:5      | Entered Level 5 of the Dungeon
  2360 | D:5      | Reached skill level 10 in Axes
  2402 | D:5      | Reached skill level 2 in Fighting
  2470 | D:5      | Reached skill level 1 in Armour
  2614 | D:5      | Reached XP level 8. HP: 33/68 MP: 7/7
  2778 | D:5      | Reached skill level 2 in Armour
  2865 | D:5      | Reached skill level 3 in Fighting
  2919 | D:5      | Reached skill level 3 in Armour
  2933 | D:5      | Reached skill level 11 in Axes
  3049 | D:5      | Slain by an orc warrior

Levels and vault maps discovered:
D:1:      scummos_arrival_checkerplants, layout_basic, cheibriados_altar_1
D:2:      layout_loops_ring
D:3:      layout_basic, first_ration, uniq_grinder, uniq_terence
D:4:      layout_loops_ring, grunt_dithmenos_smoke_and_mirrors, uniq_eustachio,
          uniq_sigmund
D:5:      layout_basic, minmay_temple_entry_purple_smoke,
          guppyfry_early_orc_mine

Skill      XL: |  1  2  3  4  5  6  7  8 |
---------------+-------------------------+-----
Axes           | 4 5 6 8 9 10 11 | 11.1
Fighting       | 2 3 |  3.4
Armour         | 1 3 |  3.3
Throwing       | |  1.7
Dodging        | |  3.2

Action                   |  1- 3 |  4- 6 |  7- 9 || total
-------------------------+-------+-------+-------++-------
Melee: War axe           |    95 |    45 |       ||   140
       Broad axe         |       |    67 |   159 ||   226
 Abil: Heal Wounds       |     1 |     1 |     4 ||     6
Evoke: Wand              |       |     2 |     5 ||     7
  Use: Scroll            |     1 |       |     4 ||     5
  Eat: Chunk             |     1 |     2 |     4 ||     7
Armor: Ring mail         |    42 |       |       ||    42
       Leather armour    |     1 |       |       ||     1
       Chain mail        |     5 |    78 |    48 ||   131
       Plate armour      |       |       |    26 ||    26
Dodge: Dodged            |    66 |    62 |    54 ||   182

Table legend:
 A = Non-vault XP
 B = Vault XP
 C = Vault XP percentage of total XP
 D = Non-vault monster count
 E = Vault monster count
 F = Vault count percentage of total count
                 A         B        C        D         E       F
            +---------+---------+-------+---------+---------+-------
      Total |    1564 |     685 |  30.5 |      88 |      10 |  10.2
            +---------+---------+-------+---------+---------+-------
        D:1 |      25 |       0 |   0.0 |      11 |       0 |   0.0
        D:2 |      43 |       0 |   0.0 |      13 |       0 |   0.0
        D:3 |     152 |      36 |  19.1 |      26 |       1 |   3.7
        D:4 |     303 |     426 |  58.4 |      13 |       2 |  13.3
        D:5 |    1041 |     223 |  17.6 |      25 |       7 |  21.9
            +---------+---------+-------+---------+---------+-------
